 Dungeon Crawl Stone Soup version 0.18-a0-1120-g03bd624 (webtiles) character file.

86 pario the Firebug (level 4, -5/27 HPs)
             Began as a High Elf Fire Elementalist on Jan 12, 2016.
             Slain by Terence
             ... wielding a +4 short sword of venom
              (8 damage)
             ... on level 3 of the Dungeon on Jan 17, 2016.
             The game lasted 00:27:36 (2680 turns).

pario the Firebug (High Elf Fire Elementalist)      Turns: 2680, Time: 00:27:36

Health: -5/27      AC:  3    Str:  7    XL:     4   Next: 26%
Magic:  7/9        EV: 12    Int: 20    God:
Gold:   153        SH:  0    Dex: 15    Spells: 1 memorised, 8 levels left

rFire  . . .     SeeInvis .     h - +0 dagger
rCold  . . .     Gourm    .     v - +0 leather armour
rNeg   . . .     Faith    .     (no shield)
rPois  .         Spirit   .     (no helmet)
rElec  .         Dismiss  .     (no cloak)
rCorr  .         Reflect  .     (no gloves)
SustAt .         Harm     .     (no boots)
MR     .....                    f - amulet of magic regeneration
Stlth  ++........               (no ring)
                                (no ring)

@: lethally poisoned (-5 -> -22), not resistant to hostile enchantments,
unstealthy
A: no striking features
a: no special abilities


You were on level 3 of the Dungeon.
You were not hungry.

You visited 1 branch of the dungeon, and saw 3 of its levels.

You collected 153 gold pieces.

Inventory:

Hand Weapons
 h - a +0 dagger (weapon)
 k - a +0 short sword
Missiles
 i - 4 arrows of flame (quivered)
Armour
 a - a +0 robe
 r - a +0 helmet
 v - a +0 leather armour (worn)
Jewellery
 f - an amulet of magic regeneration (around neck)
Scrolls
 g - 3 scrolls of recharging
 m - a scroll of amnesia {unknown}
 n - a scroll of remove curse
 q - a scroll of magic mapping {unknown}
 s - a scroll of enchant armour {unknown}
 t - a scroll of noise
 u - a scroll of immolation
Potions
 e - a potion of mutation
 l - 2 potions of brilliance
Books
 b - a book of Flames

   Spells                             Type                      Level
   a - Flame Tongue                   Conjuration/Fire             1
   b - Throw Flame                    Conjuration/Fire             2
   c - Conjure Flame                  Conjuration/Fire             3
   d - Inner Flame                    Hexes/Fire                   3
   e - Sticky Flame                   Conjuration/Fire             4
   f - Fireball                       Conjuration/Fire             5
Comestibles
 c - 2 bread rations
 p - a beef jerky


   Skills:
 + Level 0.3 Armour
 + Level 2.8 Dodging
 + Level 2.5 Stealth
 + Level 3.2 Spellcasting
 + Level 2.1 Conjurations
 + Level 3.7 Fire Magic


You had 8 spell levels left.
You knew the following spells:

 Your Spells              Type           Power        Failure   Level  Hunger
a - Flame Tongue          Conj/Fire      ###..        8%          1    None


Dungeon Overview and Level Annotations

Branches:
Dungeon (3/15)

Altars:
Kikubaaqudgha

Annotations:
D:3 Terence


Message History

Confirm with . or Enter, or press ? or * to list all spells.
Aiming: Flame Tongue
Press: ? - help, Shift-Dir - straight line, f - Terence
Aim: Terence, wielding a short sword of venom and wearing a chain mail (moderately wounded)
The flame tongue hits Terence.
Terence appears unharmed.
Terence is moderately wounded.
You feel sick.
Terence hits you with a short sword of venom.
* * * LOW HITPOINT WARNING * * *
You are more poisoned.
Casting: Flame Tongue
Confirm with . or Enter, or press ? or * to list all spells.
Aiming: Flame Tongue
Press: ? - help, Shift-Dir - straight line, f/p - Terence
Aim: Terence, wielding a short sword of venom and wearing a chain mail (moderately wounded)
The flame tongue misses Terence.
* * * LOW HITPOINT WARNING * * *
You feel sick.
Terence hits you with a short sword of venom!
You die...

#. ..#.# #. #.#.# #. #.. #.#.#
######. #.. #.#.#
.......##############r#####.#.#
.........<.....................
≈...............#####.#####.#..
......#####.###[......# #.#..
...... #.##@.......# #.#.#
..... #.##.@......# #.#.# ##@..
#.##......#.#####.#.# ....
#.##.%....#.....#.#.# #...
#.###.........P.....# #.#
#....###...8.)### #.#
#........P....# #
#..(..........# #
#.............# #


You could see Terence.

Vanquished Creatures
  A hound skeleton (D:3)
  An ooze (D:1)
  A worm (D:2)
  A giant gecko (D:1)
  7 orcs (D:3)
  A ball python (D:3)
  2 giant cockroaches (D:1)
  8 goblins
  3 hobgoblins
  10 jackals
  3 kobolds
  A quokka (D:3)
  A ball python zombie (D:3)
  6 bats
  2 giant newts
  A jackal zombie (D:3)
  5 rats
54 creatures vanquished.

Notes
Turn   | Place    | Note
--------------------------------------------------------------
     0 | D:1      | pario the High Elf Fire Elementalist began the quest for the Orb.
     0 | D:1      | Reached XP level 1. HP: 11/11 MP: 4/4
   255 | D:1      | Reached XP level 2. HP: 15/17 MP: 3/6
  1111 | D:2      | Reached XP level 3. HP: 21/21 MP: 5/8
  2078 | D:3      | Found an ancient bone altar of Kikubaaqudgha.
  2131 | D:3      | Reached XP level 4. HP: 27/27 MP: 6/9
  2520 | D:3      | Noticed Terence
  2540 | D:3      | Upgraded the game from 0.18-a0-1060-g4fac74f to 0.18-a0-1120-g03bd624
  2593 | D:3      | Gained mutation: You have a pair of small horns on your head. [potion of mutation]
  2593 | D:3      | Gained mutation: You regenerate slowly when monsters are visible. [potion of mutation]
  2595 | D:3      | Lost mutation: You have a pair of small horns on your head. [potion of cure mutation]
  2595 | D:3      | Lost mutation: You regenerate slowly when monsters are visible. [potion of cure mutation]
  2680 | D:3      | Slain by Terence

Vault maps used:
D:1:      lightli_arrival_statue_moat
D:2:      first_bread
D:3:      overflow_temple_1_default, serial_undead, serial_undead_b,
          serial_undead_c, serial_undead_f, serial_undead_c, serial_undead_e,
          serial_undead_c, serial_undead_d, serial_undead_e,
          minmay_misc_feat_four_crosses, corexii_leaking_fountain, uniq_terence

Action                   |  1- 3 |  4- 6 || total
-------------------------+-------+-------++-------
Melee: Dagger            |     7 |     7 ||    14
 Cast: Flame Tongue      |    78 |    27 ||   105
  Use: Scroll            |     4 |     5 ||     9
       Potion            |       |     5 ||     5
  Eat: Chunk             |     2 |       ||     2
       Bread ration      |     1 |       ||     1
